 Dungeon Crawl Stone Soup version 0.19-a0-1169-g4149f68 (webtiles) character file.

16505 LORDOFBUTT the Cleaver (level 12, -23/115 HPs)
             Began as a Minotaur Berserker on Aug 15, 2016.
             Was a High Priest of Trog.
             Annihilated by Wuag's ghost (42 damage)
             ... on level 2 of the Orcish Mines.
             The game lasted 00:13:55 (9359 turns).

LORDOFBUTT the Cleaver (Minotaur Berserker)         Turns: 9359, Time: 00:13:56

Health: -23/115    AC:  9    Str: 22    XL:     12   Next: 10%
Magic:  11/11      EV: 20    Int:  6    God:    Trog [*****.]
Gold:   1157       SH:  0    Dex: 17    Spells: 0 memorised, 11 levels left

rFire  . . .     SeeInvis .     D - +1 battleaxe (elec)
rCold  . . .     Gourm    .     q - +1 ring mail
rNeg   . . .     Faith    .     (shield currently unavailable)
rPois  .         Spirit   .     (helmet restricted)
rElec  .         Dismiss  .     (no cloak)
rCorr  .         Reflect  .     B - +2 pair of gloves
MR     .....     Harm     .     (no boots)
Stlth  +.........               (no amulet)
                                w - +2 ring of intelligence
                                v - +2 ring of dexterity

@: exhausted, slowed, very slow
A: retaliatory headbutt, horns 2
a: Berserk, Trog's Hand, Brothers in Arms, Burn Spellbooks, Renounce Religion


You were on level 2 of the Orcish Mines.
You worshipped Trog.
Trog was extremely pleased with you.
You were not hungry.

You visited 2 branches of the dungeon, and saw 14 of its levels.

You collected 1157 gold pieces.

Inventory:

Hand Weapons
 D - a +1 battleaxe of electrocution (weapon)
 I - a +2 antimagic executioner's axe
Missiles
 s - 5 tomahawks of returning (quivered)
Armour
 q - a +1 ring mail (worn)
 B - a +2 pair of gloves (worn)
Rods
 f - a -3 rod of inaccuracy (14/14)
   (You found it on level 11 of the Dungeon)
Jewellery
 l - an uncursed ring of fire
 v - a +2 ring of dexterity (left hand)
 w - a +2 ring of intelligence (right hand)
 y - an uncursed ring of flight
 O - an uncursed ring of loudness
 P - an uncursed ring of positive energy {unknown}
Wands
 e - a wand of flame (27/48)
 t - a wand of flame (28/48)
 J - a wand of disintegration (8/24)
 M - a wand of paralysis (21/24)
Scrolls
 h - 3 scrolls of remove curse
 n - 7 scrolls of teleportation
 H - a scroll of summoning
 L - 2 scrolls of blinking
 Q - a scroll of fog
Potions
 a - a potion of heal wounds
 d - 2 potions of lignification
 i - a potion of haste
 j - 13 potions of curing
 m - a potion of invisibility
 o - a potion of ambrosia {unknown}
 p - 3 potions of flight
 r - 2 potions of degeneration
 u - a potion of cancellation {unknown}
 x - 2 potions of agility {unknown}
 A - a potion of might {unknown}
 F - a potion of brilliance {unknown}
 N - a potion of magic {unknown}
Books
 k - a book of Ice

   Spells                             Type                      Level
   a - Ice Form                       Ice/Transmutation            4
   b - Metabolic Englaciation         Hexes/Ice                    5
   c - Ozocubu's Refrigeration        Ice                          6
   d - Bolt of Cold                   Conjuration/Ice              6
   e - Freezing Cloud                 Conjuration/Ice/Air          6
   f - Simulacrum                     Ice/Necromancy               6
   Trog disapproves of the use of such an item.
 z - a book of Burglary

   Spells                             Type                      Level
   a - Swiftness                      Charms/Air                   2
   b - Passwall                       Transmutation/Earth          2
   c - Passage of Golubria            Translocation                4
   d - Lee's Rapid Deconstruction     Earth                        5
   e - Darkness                       Hexes                        6
   f - Invisibility                   Hexes                        6
   Trog disapproves of the use of such an item.
 G - a book of Power

   Spells                             Type                      Level
   a - Fulminant Prism                Conjuration/Hexes            4
   b - Iskenderun's Mystic Blast      Conjuration                  4
   c - Venom Bolt                     Conjuration/Poison           5
   d - Bolt of Magma                  Conjuration/Fire/Earth       5
   e - Iron Shot                      Conjuration/Earth            6
   f - Orb of Destruction             Conjuration                  7
   g - Spellforged Servitor           Conjuration/Summoning        7
   Trog disapproves of the use of such an item.
 K - a Necronomicon

   Spells                             Type                      Level
   a - Haunt                          Necromancy/Summoning         7
   b - Borgnjor's Revivification      Necromancy                   8
   c - Death's Door                   Charms/Necromancy            8
   d - Infestation                    Necromancy                   8
   e - Necromutation                  Transmutation/Necromancy     8
   Trog disapproves of the use of such an item.
Comestibles
 b - a slice of pizza
 c - 9 bread rations
 g - 4 meat rations
 C - 12 fruits
 E - a royal jelly


   Skills:
 + Level 13.4 Fighting
 + Level 13.8 Axes
 - Level 2.8 Armour
 + Level 12.6 Dodging


You had 11 spell levels left.
You didn't know any spells.

Dungeon Overview and Level Annotations

Branches:
Dungeon (12/15)            Temple (0/1) D:6            Lair (0/6) D:11
    Orc (2/2) D:12
    Elf: Orc:2

Altars:
Ashenzari
Cheibriados
Elyvilon
Hepliaklqana
Ru
Vehumet
Xom

Portals:
Trove: D:10 (give 16 potions of curing)

Annotations:
Orc:2 Wuag's ghost, journeyman TrMo


Innate Abilities, Weirdness & Mutations

You reflexively headbutt those who attack you in melee.
You have a pair of horns on your head.


Message History

Your ring mail prevents you from hitting Wuag's ghost.
Wuag's ghost is severely damaged.
Wuag's ghost hits you but does no damage.
You slash Wuag's ghost!
There is a sudden explosion of sparks!
Wuag's ghost is almost destroyed.
You are no longer berserk.
You are exhausted.
You feel yourself slow down. Wuag's ghost misses you.
You hit Wuag's ghost but do no damage. Your headbutt misses Wuag's ghost.
Wuag's ghost is almost destroyed.
Wuag's ghost closely misses you.
You miss Wuag's ghost. You headbutt Wuag's ghost.
Wuag's ghost is almost destroyed.
Wuag's ghost hits you!!
* * * LOW HITPOINT WARNING * * *
Wuag's ghost stares at you. Wuag's ghost barely misses you.
You furiously retaliate!
You headbutt Wuag's ghost.
You fail to use your ability.
Wuag's ghost hits you!!!
You die...

.... ....... ...
##..$...... #
##..##..........
##.#...............
........#..........
.........#...$.....
.......))....$.....
......W@.)).[...#..
.........))<......$
.#..$....[)[.......
...#....$..........
...................
#..................
...................
$..................
..............<.


You could see Wuag's ghost.

Vanquished Creatures
  Erica (D:11)
  Pikel (D:4)
  The ghost of Thraspic the Martial Artist, a novice DgFi (D:7)
  An orc knight (Orc:1)
  An orc sorcerer (Orc:2)
  2 ugly things (D:11)
  The ghost of elan the Spear-Bearer, a novice MfGl (D:5)
  A cyclops (D:12)
  A centaur zombie (D:11)
  A troll (D:11)
  11 slime creatures
  A shadow (D:12)
  A spriggan (D:11)
  A vampire (D:10)
  A wyvern (D:12)
  3 yaks (D:10)
  A hippogriff (D:7)
  Grum (D:8)
  Edmund (D:4)
  A water moccasin (D:9)
  Duvessa (D:4)
  An eye of draining (D:11)
  3 sky beasts
  10 orc warriors
  6 ice beasts
  2 slaves (D:4)
  3 necrophages
  2 black bears
  10 ogres
  3 wolves (D:8)
  3 centaurs
  3 phantoms
  3 big kobolds
  8 giant frogs
  Dowan (D:4)
  A water moccasin skeleton (D:6)
  4 scorpions
  5 killer bees (D:10)
  11 wights
  10 howler monkeys
  7 crimson imps
  A jelly (D:11)
  A quasit (D:5)
  12 orc priests
  2 giant frog skeletons (D:11)
  6 hounds
  17 orc wizards
  2 centaur skeletons
  3 iguanas
  5 worker ants
  A killer bee zombie (D:10)
  A hound skeleton (D:12)
  A hound zombie (D:7)
  3 gnolls (D:4)
  11 adders
  A shadow imp (D:9)
  3 oozes
  3 adder skeletons
  4 dart slugs
  A giant gecko (D:3)
  62 orcs
  2 giant cockroaches
  9 goblins
  3 hobgoblins
  22 jackals
  19 kobolds
  4 quokkas
  2 ball pythons (D:5)
  5 bats
  2 giant gecko skeletons (D:4)
  2 giant newts
  3 rats
343 creatures vanquished.

Vanquished Creatures (collateral kills)
  2 yaks (D:11)
  An orc warrior (D:11)
  A jelly (D:11)
  An iguana (D:11)
  2 sheep (D:11)
  An orc (D:11)
8 creatures vanquished.

Vanquished Creatures (others)
  An adder (D:4)
1 creature vanquished.

Grand Total: 352 creatures vanquished

Notes
Turn   | Place    | Note
-------+----------+-------------------------------------------
     0 | D:1      | LORDOFBUTT the Minotaur Berserker began the quest for the Orb.
     0 | D:1      | Reached XP level 1. HP: 19/19 MP: 0/0
    34 | D:1      | Reached XP level 2. HP: 18/27 MP: 1/1
   224 | D:1      | Reached XP level 3. HP: 13/33 MP: 2/2
   380 | D:1      | Reached ** piety under Trog
   493 | D:2      | Found a snail-covered altar of Cheibriados.
   587 | D:2      | Found a white marble altar of Elyvilon.
   744 | D:2      | Reached XP level 4. HP: 31/40 MP: 3/3
  1030 | D:3      | Reached skill level 5 in Axes
  1296 | D:3      | Found a sacrificial altar of Ru.
  1355 | D:4      | Noticed an ice beast
  1363 | D:4      | Killed an ice beast
  1363 | D:4      | Reached skill level 5 in Fighting
  1363 | D:4      | Reached XP level 5. HP: 38/48 MP: 4/4
  1364 | D:4      | Noticed a slave
  1366 | D:4      | Noticed a slave
  1368 | D:4      | Noticed Pikel
  1371 | D:4      | Noticed a slave
  1374 | D:4      | Killed a slave
  1378 | D:4      | Noticed a slave
  1379 | D:4      | Killed a slave
  1385 | D:4      | Killed Pikel
  1385 | D:4      | Reached skill level 5 in Dodging
  1385 | D:4      | Reached XP level 6. HP: 48/58 MP: 5/5
  1385 | D:4      | Reached XP level 7. HP: 53/64 MP: 6/6
  1612 | D:4      | Reached *** piety under Trog
  1708 | D:4      | Noticed Duvessa
  1708 | D:4      | Noticed Dowan
  1716 | D:4      | Killed Duvessa
  1718 | D:4      | Killed Dowan
  1725 | D:4      | Reached XP level 8. HP: 63/73 MP: 7/7
  2102 | D:4      | Noticed Edmund
  2110 | D:4      | Killed Edmund
  2313 | D:4      | Found a hazy altar of Hepliaklqana.
  2425 | D:5      | Entered Level 5 of the Dungeon
  2430 | D:5      | Found a radiant altar of Vehumet.
  2727 | D:5      | Noticed elan's ghost (novice MfGl)
  2744 | D:5      | Killed elan's ghost
  3045 | D:5      | Reached XP level 9. HP: 71/82 MP: 8/8
  3500 | D:6      | Reached **** piety under Trog
  3648 | D:6      | Found a staircase to the Ecumenical Temple.
  4141 | D:7      | Reached skill level 10 in Axes
  4648 | D:7      | Noticed Thraspic's ghost (novice DgFi)
  4657 | D:7      | Killed Thraspic's ghost
  4657 | D:7      | Reached skill level 10 in Fighting
  4765 | D:8      | Noticed Grum
  4767 | D:8      | Reached XP level 10. HP: 85/93 MP: 9/9
  4781 | D:8      | Killed Grum
  5043 | D:8      | Found a shattered altar of Ashenzari.
  5050 | D:8      | Reached ***** piety under Trog
  5058 | D:8      | Received a gift from Trog
  5237 | D:8      | Reached skill level 10 in Dodging
  5641 | D:9      | Received a gift from Trog
  5985 | D:9      | Found a shimmering altar of Xom.
  5985 | D:9      | Found a shimmering altar of Xom.
  5986 | D:9      | Found a shimmering altar of Xom.
  5986 | D:9      | Found a shimmering altar of Xom.
  5987 | D:9      | Found a shimmering altar of Xom.
  5987 | D:9      | Found a shimmering altar of Xom.
  5988 | D:9      | Found a shimmering altar of Xom.
  5988 | D:9      | Found a shimmering altar of Xom.
  6340 | D:10     | Entered Level 10 of the Dungeon
  6598 | D:10     | Found a portal to a secret trove of treasure.
  6726 | D:10     | Reached XP level 11. HP: 85/103 MP: 3/10
  7228 | D:11     | Noticed Erica
  7240 | D:11     | Killed Erica
  7305 | D:11     | Noticed a green ugly thing
  7312 | D:11     | Killed a green ugly thing
  7321 | D:11     | Found a staircase to the Lair.
  7582 | D:11     | Noticed a purple ugly thing
  7589 | D:11     | Killed a purple ugly thing
  8021 | D:12     | Found a staircase to the Orcish Mines.
  8023 | D:12     | Received a gift from Trog
  8868 | Orc:1    | Entered Level 1 of the Orcish Mines
  9031 | Orc:2    | Entered Level 2 of the Orcish Mines
  9031 | Orc:2    | Noticed an orc knight
  9041 | Orc:1    | Killed an orc knight
  9041 | Orc:1    | Reached XP level 12. HP: 33/115 MP: 11/11
  9339 | Orc:2    | Noticed Wuag's ghost (journeyman TrMo)
  9359 | Orc:2    | Annihilated by Wuag's ghost

Vault maps used:
D:1:      lemuel_arrival_rhombus
D:2:      nicolae_overflow_hidden_temple, kennysheep_slug_shrine
D:3:      marbit_many_paths, first_bread
D:4:      lemuel_coloured_pillars_altar, uniq_edmund, uniq_pikel, uniq_duvessa
D:5:      basic_altar
D:8:      minmay_goldmine, evilmike_ruin_ashenzari, uniq_grum
D:9:      xom_shifter_show
D:10:     enter_trove_2
D:11:     dpeg_lair_monsters, the_bakery, uniq_erica
D:12:     david_orc_3
Orc:1:    serial_shops, shop
Orc:2:    grunt_orc_tribal_feast

Skill      XL: |  1  2  3  4  5  6  7  8  9 10 11 |
---------------+----------------------------------+-----
Axes           | 4 5 6 7 9 10 12 13 | 13.8
Fighting       | 4 5 6 7 8 10 11 13 | 13.4
Dodging        | 3 5 6 7 9 11 12 | 12.6
Armour         | |  2.8

Action                   |  1- 3 |  4- 6 |  7- 9 | 10-12 || total
-------------------------+-------+-------+-------+-------++-------
Melee: Hand axe          |    67 |    60 |   207 |       ||   334
       Headbutt          |    17 |     5 |    63 |    82 ||   167
       Battleaxe         |       |       |    33 |   260 ||   293
       Executioner's axe |       |       |       |    81 ||    81
Invok: Berserk           |       |     1 |     6 |     5 ||    12
       Brothers in Arms  |       |       |       |     1 ||     1
  Use: Scroll            |       |     1 |     7 |    14 ||    22
       Potion            |       |     1 |       |     3 ||     4
 Stab: Sleeping          |     1 |       |       |       ||     1
       Invisible         |       |     1 |       |       ||     1
  Eat: Meat ration       |       |     1 |     1 |     2 ||     4
       Bread ration      |       |       |     2 |     2 ||     4
       Pizza             |       |       |     1 |     2 ||     3
Armor: Animal skin       |    31 |     1 |       |       ||    32
       Ring mail         |       |    10 |    42 |    60 ||   112
Dodge: Dodged            |    57 |    43 |   170 |   280 ||   550
